 Dungeon Crawl Stone Soup version 0.23.2-33-g5129a83184 (webtiles) character file.

Game seed: 5293412948143147226

62 Aesthetico the Magician (level 3, -3/26 HPs)
             Began as a Demonspawn Wizard on July 18, 2019.
             Slain by a centaur skeleton (6 damage)
             ... on level 4 of the Dungeon.
             The game lasted 00:07:42 (2148 turns).

Aesthetico the Magician (Demonspawn Wizard)         Turns: 2148, Time: 00:07:43

Health: -3/26      AC:  5    Str:  7    XL:     3   Next: 85%
Magic:  0/8        EV: 12    Int: 20    God:
Gold:   69         SH:  0    Dex: 11    Spells: 2/10 levels left

rFire    . . .     SeeInvis .   f - +0 short sword
rCold    . . .     Gourm    .   (no shield)
rNeg     . . .     Faith    .   a - +0 robe
rPois    .         Spirit   .   b - +0 hat
rElec    .         Reflect  .   (no cloak)
rCorr    .         Harm     .   (no gloves)
MR       .....                  (no boots)
Stlth    ++........             (no amulet)
HPRegen  0.08/turn              (no ring)
MPRegen  0.11/turn              (no ring)

@: very slightly contaminated
A: slimy green scales 2
a: no special abilities


You were on level 4 of the Dungeon.
You were not hungry.

You visited 1 branch of the dungeon, and saw 4 of its levels.

You collected 69 gold pieces.

Inventory:

Hand Weapons
 f - a +0 short sword (weapon)
Armour
 a - a +0 robe (worn)
 b - a +0 hat (worn)
Scrolls
 e - a scroll of enchant weapon {unknown}
 g - 2 scrolls of random uselessness
 i - 3 scrolls of fog {unknown}
 m - 2 scrolls of remove curse {unknown}
Potions
 c - a potion of haste {unknown}
 h - a potion of lignification {unknown}
 j - a potion of invisibility {unknown}
 k - a potion of magic {unknown}
 n - a potion of mutation {unknown}
Comestibles
 d - 2 rations
 l - 4 chunks of flesh


   Skills:
 + Level 1.1 Fighting
 - Level 1.7 Dodging
 - Level 1.7 Stealth
 - Level 4.3 Spellcasting
 - Level 1.0 Conjurations
   Level 1.0 Summonings
 - Level 0.8 Translocations


You had 2 spell levels left.
You knew the following spells:

 Your Spells              Type           Power        Failure   Level  Hunger
a - Magic Dart            Conj           #...         9%          1    None
b - Blink                 Tloc           N/A          13%         2    #......
c - Slow                  Hex            #.......     19%         2    #......
d - Mephitic Cloud        Conj/Pois/Air  #.......     32%         3    ###....

Your spell library contained the following spells:

 Spells                   Type           Power        Failure   Level  Hunger
 Call Imp                 Summ           #.......     12%         2    #......
 Conjure Flame            Conj/Fire      #.......     30%         3    ###....


Dungeon Overview and Level Annotations

Branches:
Dungeon (4/15)
 Temple: D:4-7

Altars:
Cheibriados

Annotations:
D:2 Terence
D:3 Grinder


Innate Abilities, Weirdness & Mutations

You are mostly covered in slimy green scales. (AC +3)


Message History

The centaur skeleton hits you.
* * * LOW HITPOINT WARNING * * *
Casting: Magic Dart (safe; 9% risk of failure)
Confirm with . or Enter, or press ? or * to list all spells.
Aiming: Slow (safe; 19% risk of failure)
Press: ? - help, Shift-Dir - straight line, f/p - centaur skeleton
Aim: a centaur skeleton (heavily damaged, chance to defeat MR: 50%)
You miscast Slow.
You are very lightly contaminated with residual magic.
Your skin glows momentarily.
The leopard gecko hisses angrily.
The centaur skeleton barely misses you.
A worker ant comes into view.
You see here a scroll labeled UDUKHLAISUNO.
Wield which item (- for none, * to show all)? (? for menu, Esc to quit)
Okay, then.
As you read the scroll labeled NUIMUN VICKEROIREE, it crumbles to dust.
You hear the sound of one hand clapping.
It was a scroll of random uselessness.
The centaur skeleton hits you.
You die...

... ..(. #.... ...#..#
#a..#.. ..#..# #...##.
..... #...##..##...## .
##+#...##..l..... ..
#......##...###.###.#
#......##......<...$#
#....@......#.##.!..#
##...Z..#...........#
.....#....#.#.#.##....#
#### #....#.#.#.#.....#
.#..........+.......
#...[$....#.#.#.......
#...........#.#.......
#...........#.####.#..
#...........#.# ....


You could see a worker ant (wandering) and a centaur skeleton.

Vanquished Creatures
  A hound skeleton (D:4)
  An adder skeleton (D:2)
  4 dart slugs
  5 giant cockroaches
  4 goblins
  2 hobgoblins (D:1)
  A jackal (D:2)
  2 quokkas (D:2)
  A ball python (D:3)
  4 bats
  2 frilled lizards (D:1)
  6 kobolds
  4 rats
37 creatures vanquished.

Notes
Turn   | Place    | Note
-------+----------+-------------------------------------------
     0 | D:1      | Aesthetico the Demonspawn Wizard began the quest for the
                  | Orb.
     0 | D:1      | Reached XP level 1. HP: 13/13 MP: 4/4
   332 | D:1      | Gained mutation: You are partially covered in slimy green
                  | scales. (AC +2) [demonic ancestry]
   332 | D:1      | Reached XP level 2. HP: 9/19 MP: 1/6
   535 | D:1      | Learned a level 2 spell: Blink
   542 | D:1      | Learned a level 2 spell: Slow
   846 | D:1      | Found a snail-covered altar of Cheibriados.
   906 | D:1      | Reached skill level 4 in Spellcasting
   995 | D:2      | Gained mutation: You are mostly covered in slimy green
                  | scales. (AC +3) [demonic ancestry]
   995 | D:2      | Reached XP level 3. HP: 15/24 MP: 0/8
  1493 | D:2      | Noticed Terence
  1683 | D:2      | Learned a level 3 spell: Mephitic Cloud
  2060 | D:3      | Noticed Grinder
  2078 | D:4      | Reached skill level 1 in Fighting
  2133 | D:4      | Noticed a centaur
  2148 | D:4      | Slain by a centaur skeleton

Skill      XL: |  1  2  3 |
---------------+----------+-----
Spellcasting   | 4 |  4.3
Fighting       | 1 |  1.1
Dodging        | |  1.7
Stealth        | |  1.7
Conjurations   | |  1.0
Summonings     | |  1.0
Translocations | |  0.8

Action                   || total
-------------------------++-------
Melee: Dagger            ||     5
       Short sword       ||    89
 Cast: Magic Dart        ||    87
       Slow              ||     9
       Mephitic Cloud    ||     3
  Use: Scroll            ||     1
 Stab: Sleeping          ||     5
  Eat: Chunk             ||     4
Armor: Robe              ||    48
Dodge: Dodged            ||    76
